 Dungeon Crawl Stone Soup version 0.20.1-1-g8b1a95d (webtiles) character file.

539662 ucho the Hoplite (level 24, -3/166 HPs)
             Began as a Minotaur Berserker on Nov 19, 2017.
             Was a High Priest of Trog.
             Slain by a thrashing horror (9 damage)
             ... on level 3 of the Abyss on Nov 21, 2017.
             The game lasted 07:26:06 (54167 turns).

ucho the Hoplite (Minotaur Berserker)              Turns: 54167, Time: 07:26:06

Health: -3/166     AC: 37    Str: 21      XL:     24   Next: 69%
Magic:  10/15      EV: 18    Int:  2 (3)  God:    Trog [*****.]
Gold:   3307       SH: 36    Dex: 14      Spells: 23/23 levels left

rFire    + + +     SeeInvis +   a - +4 broad axe of Cusah {drain, rElec rPois}
rCold    + . .     Gourm    .   j - +8 large shield
rNeg     . . .     Faith    .   G - +8 plate armour "Plog" {rElec rF+++ rC+ MR-}
rPois    +         Spirit   .   y - +2 hat
rElec    +         Reflect  +   z - +2 cloak
rCorr    .         Harm     .   W - +2 pair of gloves {Str+3}
MR       ++...     Rnd*Rage +   i - +2 pair of boots {run} Stlth ..........Rnd*Tele +
                                L - amulet of Lafritau {Reflect rElec Str-4 Slay+3 SH+3 SInv}
Regen    0.0/turn               K - +2 ring of slaying
MPRegen  0.2/turn               Q - ring "Ytiwkow" {MR++ Int+3}

@: about to teleport, very slightly contaminated, invisible, quick
A: retaliatory headbutt, horns 2, [berserk 3], [blurry vision 3], clumsy 2,
[deformed body], deterioration 1[+1], [dopey 2], frail 1[+2], low mp 1[+2],
[screaming 3], [inhibited regeneration], [teleportitis 3], [weak 2], no potion
heal 1[+2], [subdued magic 3], [MP-powered wands]
}: 3/15 runes: serpentine, barnacled, abyssal
a: Berserk, Trog's Hand, Brothers in Arms, Burn Spellbooks, Renounce Religion


You were on level 3 of the Abyss.
You worshipped Trog.
Trog was extremely pleased with you.
You were hungry.

You visited 9 branches of the dungeon, and saw 43 of its levels.
You visited the Abyss 1 time.
You also visited: Labyrinth, Ossuary, Ice Cave, Volcano and Desolation.

You collected 7168 gold pieces.
You spent 3861 gold pieces at shops.

Inventory:

Hand Weapons
 a - the +4 broad axe of Cusah (weapon) {drain, rElec rPois}
   (Trog gifted it to you on level 13 of the Dungeon)

   A truly terrible weapon, it drains the life of those it strikes.
   It insulates you from electricity.
   It protects you from poison.
 b - a +9 broad axe of chopping
 s - a cursed -3 war axe
 B - a +5 vampiric scimitar
Missiles
 p - 8 steel javelins (quivered)
Armour
 i - a +2 pair of boots of running (worn)
 j - a +8 large shield (worn)
 q - the +8 chain mail of Cocytus {Regen+ Int+4 Dex+4 Slay+3}
   (You found it on level 4 of the Snake Pit)

   It affects your intelligence (+4).
   It affects your dexterity (+4).
   It affects your accuracy and damage with ranged weapons and melee attacks
   (+3).
   It increases your rate of regeneration.
 y - a +2 hat (worn)
 z - a +2 cloak (worn)
 G - the +8 plate armour "Plog" (worn) {rElec rF+++ rC+ MR-}
   (You found it on level 2 of the Depths)

   It renders you almost immune to fire.
   It protects you from cold.
   It insulates you from electricity.
   It affects your resistance to hostile enchantments.
 W - a +2 pair of gloves of strength (worn)
 Y - the +2 pair of boots of the Peasants {rN+ Regen+}
   (You found it on level 2 of the Depths)

   It protects you from negative energy.
   It increases your rate of regeneration.
Jewellery
 K - a +2 ring of slaying (left hand)
 L - the amulet of Lafritau (around neck) {Reflect rElec Str-4 Slay+3 SH+3 SInv}
   (You found it in an ice cave)

   [amulet of reflection]

   It shields you and reflects attacks.
   It affects your strength (-4).
   It affects your accuracy and damage with ranged weapons and melee attacks
   (+3).
   It insulates you from electricity.
   It lets you see invisible.
   It affects your SH (+3).
 M - a cursed -2 ring of strength
 Q - the ring "Ytiwkow" (right hand) {MR++ Int+3}
   (You found it in an ice cave)

   [ring of intelligence]

   It affects your intelligence (+3).
   It affects your resistance to hostile enchantments.
Wands
 c - a wand of disintegration (4/24)
 g - a wand of digging (7/24)
 o - a wand of enslavement (15/24)
 E - a wand of digging (6/24)
 O - a wand of disintegration (7/24)
 S - a wand of enslavement (7/24)
Scrolls
 d - 6 scrolls of fear
 h - 3 scrolls of enchant weapon
 m - 4 scrolls of fog
 n - a scroll of blinking
 w - 4 scrolls of magic mapping
 x - 7 scrolls of identify
 C - 6 scrolls of recharging
 D - a scroll of enchant armour
 H - 19 scrolls of remove curse
 I - 6 scrolls of teleportation
 J - 3 scrolls of immolation
Potions
 e - 2 potions of cancellation
 f - 7 potions of flight
 k - 8 potions of agility
 l - a potion of invisibility
 r - 6 potions of curing
 u - 4 potions of heal wounds
 v - 5 potions of might
 A - 3 potions of haste
 T - 3 potions of ambrosia
 U - 4 potions of lignification
Comestibles
 F - 7 fruits
 P - 24 bread rations


   Skills:
 + Level 24.0 Fighting
 + Level 18.7 Axes
 + Level 22.6 Armour
 + Level 20.9 Dodging
 - Level 25.0 Shields


You had 23 spell levels left.
You didn't know any spells.

Dungeon Overview and Level Annotations

Branches:
Dungeon (15/15)            Temple (1/1) D:4            Lair (6/6) D:8
 Shoals (4/4) Lair:3        Snake (4/4) Lair:3        Slime (0/5) Lair:6
    Orc (2/2) D:10            Elf (3/3) Orc:2        Vaults (3/5) D:14
  Crypt (0/3) Vaults:2     Depths (5/5) D:15            Zot (0/5) Depths:5

Altars:
Ashenzari
Cheibriados
Dithmenos
Elyvilon
Fedhas
Gozag
Hepliaklqana
Kikubaaqudgha
Makhleb
Nemelex Xobeh
Okawaru
Qazlal
Ru
Sif Muna
Trog
Uskayaw
Vehumet
Xom
Yredelemnul
Zin
The Shining One
Beogh
Jiyva
Lugonu

Shops:
D:4 ?   D:5 :   D:8 }?*   D:9 [?   Orc:2 =[(*   Elf:2 %   Elf:3 =
Shoals:1 :[(?(   Snake:2 [[*:   Vaults:3 !   Depths:1 *

Portals:
Hell: Depths:1 Depths:2 Depths:3 Depths:4 Depths:5
Abyss: Depths:1 Depths:3 Depths:4
Pandemonium: Depths:1 Depths:3
Ziggurat: Depths:4


Innate Abilities, Weirdness & Mutations

You reflexively headbutt those who attack you in melee.
You have a pair of horns on your head.
You are very clumsy. (Dex -4)
[You have an uncontrollable temper.]
[Scrolls take you much longer to read.]
[Armour fits poorly on your strangely shaped body.]
[Your body often deteriorates upon taking damage.]
[You are very dopey. (Int -4)]
[You are extremely frail. (-30% HP)]
[Your magical capacity is extremely low. (-30% MP)]
[You frequently scream uncontrollably at your foes.]
[You do not regenerate when monsters are visible.]
[You are often teleported next to monsters.]
[You are very weak. (Str -4)]
[Potions cannot restore your health.]
[Your spells are much easier to cast, but much less powerful.]
[You expend magic power (3 MP) to strengthen your wands.]


Message History

* * * LOW HITPOINT WARNING * * *
The wind drake disappears in a puff of smoke!
You block the thrashing horror's attack.
The thrashing horror barely misses you.
You block the thrashing horror's attack. x2
The small abomination misses you.
You feel yourself growing ill in the presence of the ancient zyme.
The starcursed mass misses you. The ynoxinul misses you.
You block the starcursed mass's attack.
You block the small abomination's attack.
The thrashing horror roars! x2
You block the thrashing horror's attack. x2
The thrashing horror barely misses you.
You block the thrashing horror's attack.
The worldbinder calls forth creatures from the Shoals!
A starcursed mass splits.
You block the thrashing horror's attack.
The thrashing horror closely misses you.
You block the ynoxinul's attack. The thrashing horror tramples you!
You die...

# . # .# 5. #5 # ≈
# .5 .5. ≈. X #.
.. .5 .5 XG#.X# X#
e§ . #.5 # §#.≈ ≈
# .##X#≈ #..##
.5X.## .#.§.X# ≈
....3. #
.##X###X#.§# ##
....3 .
...#x*#xX#..#..# #
#
.5....pXX@XXX.....
#
##...3X#3XXX.#...
. ##.5.###GXm##
#X.###.## ##x##
#..# ##. 5###.5H#
# ##. ##.5##.H##
##..##..# .5##..#
#. . X....H.......
.#.# .X.#5.... #.#


You could see 8 starcursed masses, a wretched star, a great orb of eyes, a hell
knight, an ancient zyme, 2 manticores, 6 thrashing horrors, a large abomination,
a merfolk siren (wandering), a worldbinder, 2 ynoxinuls, a small abomination and
3 ufetubi.

Vanquished Creatures
  Mennas (Vaults:2)
  An ancient lich (Depths:3)
  A juggernaut (Abyss:3)
  Boris (Depths:5)
  Saint Roka (Depths:3)
  A caustic shrike (Depths:3)
  Margery (Vaults:2)
  A golden dragon (Depths:5)
  2 bone dragons (Abyss:3)
  The ghost of AdmiralAndromeda the Severer, an adept DDFi of Makhleb (Desolation)
  4 tentacled monstrosities
  5 liches
  4 sphinxes
  A tentacled starspawn (Abyss:3)
  A deep elf master archer (Elf:3)
  2 deep elf blademasters (Elf:3)
  Asterion (Depths:3)
  2 Executioners
  Agnes (D:14)
  Frances (D:13)
  A shadow dragon (shapeshifter) (Depths:2)
  A storm dragon (Depths:5)
  A shadow dragon (Depths:4)
  Donald (Snake:3)
  2 tengu reavers
  A draconian monk (Depths:5)
  Ilsuiw (Shoals:4)
  6 deep elf sorcerers
  11 nagarajas
  5 fire giants
  A draconian scorcher (Depths:5)
  2 balrugs
  10 vault wardens
  Louise (Elf:1)
  6 frost giants
  An orc warlord (Orc:1)
  2 cacodemons
  A reaper (Depths:1)
  2 spriggan defenders
  An angel (Abyss:3)
  13 ironheart preservers
  5 deep elf elementalists (Elf:3)
  3 war gargoyles
  13 stone giants
  28 very ugly things
  3 ophanim (Abyss:3)
  4 entropy weavers
  A vampire knight (Vaults:2)
  Nessos (Orc:2)
  2 grey draconians (Depths:5)
  11 deep elf annihilators
  2 green draconians (Depths:5)
  12 deep elf demonologists
  Azrael (D:13)
  The ghost of hilaritas the Demon Slayer, a journeyman FoFi of the Shining One (Lair:4)
  2 black draconians (Depths:5)
  2 halazid warlocks (Desolation)
  2 red draconians (Depths:5)
  The ghost of Regeox the Severer, a journeyman HOFi of Qazlal (Desolation)
  4 deep elf death magi (Elf:3)
  4 spark wasps (Depths:1)
  A blizzard demon (Depths:2)
  4 merfolk javelineers
  5 crystal guardians
  Josephine (Lair:6)
  The ghost of bmj180 the Basher, a journeyman HuFi of Okawaru (IceCv)
  5 ettins
  9 merfolk impalers
  Snorg (Orc:2)
  A minotaur (Lab)
  11 yaktaur captains
  7 servants of whispers (Desolation)
  14 ragged hierophants (Desolation)
  5 great orbs of eyes
  9 vault guards
  6 rakshasas
  4 deep elf high priests
  12 fire dragons
  An ice dragon (shapeshifter) (Depths:5)
  Erolcha (D:9)
  2 spriggan air magi
  A hell beast (Depths:1)
  21 naga warriors
  10 ice dragons
  6 centaur warriors
  5 hydras
  5 peacekeepers (Desolation)
  3 catoblepae
  Erica (Orc:1)
  3 merfolk avatars
  An alligator snapping turtle (Shoals:2)
  2 death knights
  7 ogre magi
  28 dancing weapons
  A queen ant (Lair:6)
  A hell hog (Abyss:3)
  14 anacondas
  4 death yaks (Lair:6)
  22 two-headed ogres
  An alligator (shapeshifter) (Depths:4)
  The ghost of hilaritas the Cleaver, a novice FoFi of Okawaru (Volcano)
  9 tengu warriors
  3 merfolk aquamancers (Shoals:4)
  2 satyrs (Shoals:4)
  3 deep troll shamans
  A deep troll earth mage (Vaults:1)
  3 vampire magi
  5 orc high priests
  11 naga sharpshooters
  10 shock serpents
  2 spriggan berserkers
  16 deep elf knights
  2 sun demons (Depths:2)
  A soul eater (Depths:5)
  2 storm dragon zombies
  A fire crab (Abyss:3)
  3 salamander mystics (Snake:4)
  2 spatial maelstroms (Abyss:3)
  16 hell knights
  9 deep trolls
  A cherub (Abyss:3)
  3 wretched stars (Abyss:3)
  A skeletal warrior (Vaults:2)
  10 sea snakes
  5 large abominations
  An unseen horror (shapeshifter) (Depths:3)
  5 unseen horrors
  3 sixfirhies (Abyss:3)
  6 wizards
  4 swamp dragons
  9 deep elf archers
  4 glowing orange brains
  11 naga ritualists
  Pikel (D:4)
  4 phantasmal warriors
  A wolf spider zombie (Abyss:3)
  15 orc knights
  11 ironbrand convokers
  7 mana vipers
  8 harpies
  A lindwurm (shapeshifter) (Depths:5)
  58 deep elf magi
  3 necromancers
  5 oklob plants
  28 fauns
  7 orc sorcerers
  43 ugly things
  23 manticores
  2 wolf spiders
  20 cyclopes
  2 fire giant zombies (Depths:1)
  3 water nymphs
  9 elephants
  10 salamanders
  Joseph (D:7)
  34 black mambas
  10 guardian serpents
  2 ice statues (IceCv)
  3 centaur zombies
  21 naga magi
  A rust devil (Depths:1)
  13 vault sentinels
  Maurice (D:8)
  4 molten gargoyles (Desolation)
  13 merfolk sirens
  7 gargoyles
  2 orange demons (Abyss:3)
  2 smoke demons
  9 spiny frogs
  Psyche (D:10)
  An efreet (Volcano)
  4 kobold demonologists (Depths:2)
  41 yaktaurs
  5 freezing wraiths
  3 rime drakes
  A yaktaur skeleton (Depths:1)
  4 komodo dragons
  10 hellwings
  3 red devils
  2 ancient zymes
  10 tengu conjurers
  A harpy zombie (D:15)
  A queen bee (shapeshifter) (Vaults:3)
  A troll (shapeshifter) (Depths:2)
  A meliai (shapeshifter) (Elf:3)
  A tengu simulacrum (Vaults:3)
  A hornet (shapeshifter) (Vaults:2)
  25 merfolk
  2 polar bears
  10 trolls
  3 hornets
  5 raiju (Abyss:3)
  6 snapping turtles
  4 wind drakes
  59 saltlings
  27 slime creatures
  Prince Ribbit (D:8)
  5 dream sheep (Lair:4)
  17 hippogriffs
  A hippogriff (shapeshifter) (Depths:2)
  2 redbacks (Vaults:1)
  Sigmund (D:3)
  An ettin skeleton (Depths:1)
  2 spriggans
  4 air elementals
  4 wyverns
  2 spriggans (shapeshifter)
  A centaur simulacrum (D:14)
  9 ynoxinuls
  15 water elementals
  4 shadows
  5 wraiths
  5 basilisks
  33 yaks
  A chaos spawn (Abyss:3)
  7 fire elementals
  A basilisk (shapeshifter) (Vaults:1)
  A neqoxec (Abyss:3)
  2 hungry ghosts
  2 vampire mosquitoes (D:14)
  Edmund (D:5)
  4 wargs
  5 acid dragons
  63 nagas
  An acid dragon (shapeshifter) (Depths:4)
  2 spatial vortices (Abyss:3)
  A soldier ant (shapeshifter) (Depths:3)
  6 soldier ants
  7 water moccasins
  11 small abominations
  Duvessa (D:5)
  12 porcupines
  4 hell hounds
  4 sky beasts
  15 ice beasts
  51 orc warriors
  4 phantoms
  27 ogres
  2 black bears
  3 necrophages
  7 wolves
  11 boggarts
  12 centaurs
  An eye of draining (D:8)
  2 big kobolds
  13 crocodiles
  Blork the orc (D:4)
  23 bullfrogs
  4 earth elementals
  A wyvern zombie (D:8)
  2 human simulacra
  A water moccasin zombie (D:7)
  Dowan (D:5)
  2 scorpions
  A hornet simulacrum (D:15)
  9 killer bees
  An orc simulacrum (Vaults:2)
  The ghost of DasRunzen the Slasher, a weakling DsGl (D:3)
  2 howler monkeys (D:5)
  8 electric eels
  11 crimson imps
  5 starcursed masses (Abyss:3)
  A quasit (Abyss:3)
  6 centaur skeletons
  5 hounds
  A human zombie (Ossuary)
  16 orc priests
  5 jellies
  14 orc wizards
  Crazy Yiuf (D:6)
  Ijyb (D:5)
  Terence (D:3)
  4 iguanas
  33 worker ants
  A big kobold zombie (Ossuary)
  A hound skeleton (D:6)
  3 mummies (Ossuary)
  A howler monkey zombie (D:8)
  Robin (D:4)
  12 adders
  A gnoll (D:1)
  9 shadow imps
  A white imp (Abyss:3)
  2 ufetubi (Abyss:2)
  4 adder zombies
  An adder skeleton (D:5)
  3 worms
  2 dart slugs
  9 leopard geckos
  79 orcs
  4 ball pythons
  6 giant cockroaches
  A gnoll zombie (Ossuary)
  19 goblins
  13 hobgoblins
  13 jackals
  9 quokkas
  8 bats
  A frilled lizard (D:4)
  A giant cockroach zombie (D:5)
  4 goblin zombies (Ossuary)
  A hobgoblin zombie (Ossuary)
  A jackal zombie (D:5)
  16 kobolds
  6 kobold zombies (Ossuary)
  A quokka zombie (Ossuary)
  9 rats
  A rat zombie (Ossuary)
  7 fungi
  25 plants
  2 starspawn tentacles (Abyss:3)
2057 creatures vanquished.

Vanquished Creatures (collateral kills)
  A hydra (D:11)
  2 naga warriors (Snake:4)
  A mana viper (Snake:4)
  A naga mage (Snake:4)
  A naga (Snake:4)
6 creatures vanquished.

Vanquished Creatures (others)
  A deep elf master archer (Elf:3)
  A stone giant (Depths:2)
  3 yaktaur captains
  3 centaur warriors
  A satyr (Shoals:2)
  A sixfirhy (Abyss:3)
  A deep elf archer (Vaults:3)
  A manticore (Shoals:1)
  A faun (Shoals:1)
  21 yaktaurs
  A freezing wraith (Vaults:3)
  A ynoxinul (Abyss:3)
  A large abomination (Abyss:3)
  2 nagas (Snake:4)
  A boggart (Depths:4)
  9 centaurs
  A small abomination (Abyss:3)
  An orc wizard (D:4)
  A ball lightning (Depths:3)
  4 orcs
  A jackal (D:4)
  A kobold (D:4)
  15 fungi
  33 plants
  12 starspawn tentacles (Abyss:3)
118 creatures vanquished.

Grand Total: 2181 creatures vanquished

Notes
Turn   | Place    | Note
-------+----------+-------------------------------------------
     0 | D:1      | ucho the Minotaur Berserker began the quest for the Orb.
     0 | D:1      | Reached XP level 1. HP: 19/19 MP: 0/0
   125 | D:1      | You fall through a shaft!
   156 | D:2      | Reached XP level 2. HP: 27/27 MP: 1/1
   402 | D:1      | Reached XP level 3. HP: 33/33 MP: 2/2
   775 | D:2      | Reached ** piety under Trog
   821 | D:2      | Reached XP level 4. HP: 40/40 MP: 3/3
  1070 | D:2      | Reached skill level 5 in Axes
  1355 | D:3      | Reached XP level 5. HP: 33/46 MP: 4/4
  1435 | D:3      | Noticed Terence
  1444 | D:3      | Killed Terence
  1468 | D:3      | Noticed DasRunzen's ghost (weakling DsGl)
  1487 | D:3      | Killed DasRunzen's ghost
  1549 | D:3      | Noticed Sigmund
  1557 | D:3      | Killed Sigmund
  1557 | D:3      | Reached XP level 6. HP: 53/53 MP: 5/5
  1574 | D:3      | Reached *** piety under Trog
  1854 | D:3      | Noticed a moth of wrath
  1857 | D:3      | Found a bloodstained altar of Trog.
  1980 | D:4      | Noticed Pikel
  1980 | D:4      | Noticed a slave
  1980 | D:4      | Noticed a slave
  1980 | D:4      | Noticed a slave
  1981 | D:4      | Noticed a slave
  1985 | D:4      | Killed Pikel
  1985 | D:4      | Reached skill level 5 in Fighting
  1985 | D:4      | Reached skill level 5 in Armour
  1985 | D:4      | Reached XP level 7. HP: 62/62 MP: 6/6
  2027 | D:4      | Found a hide-covered altar of Uskayaw.
  2062 | D:4      | Reached skill level 5 in Dodging
  2069 | D:4      | Found a staircase to the Ecumenical Temple.
  2081 | Temple   | Entered the Ecumenical Temple
  2234 | D:4      | Noticed Blork the orc
  2294 | D:4      | Killed Blork the orc
  2294 | D:4      | Reached XP level 8. HP: 70/70 MP: 7/7
  2491 | D:4      | Noticed Robin
  2499 | D:4      | Killed Robin
  2703 | D:4      | Got a slimy ring mail
  2714 | D:4      | Identified the +5 ring mail of Theory {rC+} (You found it on level 4 of the Dungeon)
  2783 | D:4      | Found Begebruf's Magic Scroll Emporium.
  2824 | D:5      | Entered Level 5 of the Dungeon
  2843 | D:5      | Reached **** piety under Trog
  3007 | D:5      | Noticed Edmund
  3017 | D:5      | Killed Edmund
  3089 | D:5      | Found a bloodstained altar of Trog.
  3089 | D:5      | Found a snail-covered altar of Cheibriados.
  3195 | D:5      | Found a sacrificial altar of Ru.
  3236 | D:5      | Noticed Duvessa
  3236 | D:5      | Noticed Dowan
  3242 | D:5      | Killed Duvessa
  3243 | D:5      | Killed Dowan
  3487 | D:5      | Noticed Ijyb
  3487 | D:5      | Paralysed by Ijyb for 7 turns
  3500 | D:5      | Killed Ijyb
  3608 | D:5      | Found Nuivaopn's Book Emporium.
  3883 | D:6      | Reached XP level 9. HP: 77/79 MP: 8/8
  4110 | D:6      | Reached skill level 10 in Axes
  4193 | D:6      | Found a runed door.
  4197 | D:6      | Noticed Crazy Yiuf
  4201 | D:6      | Killed Crazy Yiuf
  4857 | D:7      | Noticed Joseph
  4866 | D:7      | Killed Joseph
  5251 | D:7      | Reached XP level 10. HP: 89/89 MP: 9/9
  5308 | D:8      | Noticed Maurice
  5319 | D:8      | Killed Maurice
  5370 | D:8      | Noticed a two-headed ogre
  5376 | D:8      | Killed a two-headed ogre
  5380 | D:8      | Found a staircase to the Lair.
  5431 | D:8      | Found Nefett's Gadget Shoppe.
  5562 | D:8      | Found Ageasoumn's General Store.
  5660 | D:8      | Found a sand-covered staircase.
  5664 | Ossuary  | Entered an ossuary
  5860 | D:8      | Found Ijeydgh's Magic Scroll Shop.
  5968 | D:8      | Noticed Prince Ribbit
  5971 | D:8      | Killed Prince Ribbit
  6522 | D:9      | Noticed Erolcha
  6528 | D:9      | Killed Erolcha
  6643 | D:9      | Reached XP level 11. HP: 97/97 MP: 10/10
  6709 | D:9      | Found a stormy altar of Qazlal.
  6775 | D:9      | Noticed a two-headed ogre
  6782 | D:9      | Killed a two-headed ogre
  6871 | D:9      | Found Vauqiog's Antique Armour Shoppe.
  6874 | D:9      | Bought a pair of glowing gloves for 180 gold pieces
  6874 | D:9      | Bought a runed buckler for 180 gold pieces
  6886 | D:9      | Found Ceuk's Magic Scroll Emporium.
  6893 | D:9      | Bought a scroll of enchant weapon for 97 gold pieces
  6979 | D:9      | Found a roughly hewn altar of Beogh.
  7000 | D:9      | Reached ***** piety under Trog
  7186 | D:10     | Entered Level 10 of the Dungeon
  7199 | D:10     | Killed an unseen horror
  7199 | D:10     | Reached skill level 10 in Fighting
  7199 | D:10     | Reached skill level 10 in Armour
  7266 | D:10     | Noticed Psyche
  7274 | D:10     | Killed Psyche
  7301 | D:10     | Identified a scroll of acquirement
  7463 | D:10     | Found a staircase to the Orcish Mines.
  7724 | Lair:1   | Entered Level 1 of the Lair of Beasts
  7767 | Lair:1   | Found a labyrinth entrance.
  7794 | Lab      | Entered a labyrinth
  7932 | Lab      | Noticed a minotaur
  7937 | Lab      | Killed a minotaur
  7942 | Lab      | Got a bound tin ring
  7958 | Lair:1   | Identified the ring of Losumep {rC+ Str+3 Int-2 Dex+5 SInv} (You found it in a labyrinth)
  8721 | Lair:2   | Found a frozen archway.
  8750 | IceCv    | Entered an ice cave
  8750 | IceCv    | Noticed bmj180's ghost (journeyman HuFi)
  8760 | IceCv    | Killed bmj180's ghost
  8780 | IceCv    | Reached XP level 12. HP: 106/110 MP: 11/11
  8788 | IceCv    | Received a gift from Trog
  8831 | IceCv    | Reached skill level 10 in Dodging
  9061 | IceCv    | Noticed an ice dragon
  9062 | IceCv    | Noticed an ice dragon
  9077 | IceCv    | Killed an ice dragon
  9400 | IceCv    | Killed an ice dragon
  9400 | IceCv    | Reached skill level 15 in Axes
  9461 | IceCv    | Got a faintly glowing golden ring
  9503 | IceCv    | Identified the ring "Ytiwkow" {MR++ Int+3} (You found it in an ice cave)
  9516 | IceCv    | Got a twitching amethyst amulet
  9520 | IceCv    | Identified the amulet of Lafritau {Reflect rElec Str-4 Slay+3 SH+3 SInv} (You found it in an ice cave)
 10195 | Lair:2   | Found an opulent altar of Gozag.
 10574 | Lair:3   | Noticed a seven-headed hydra
 10590 | Lair:3   | Killed an eight-headed hydra
 10898 | Lair:3   | Found a staircase to the Shoals.
 11099 | Lair:3   | Found a staircase to the Snake Pit.
 11610 | Lair:4   | Noticed hilaritas's ghost (journeyman FoFi)
 11632 | Lair:4   | Killed hilaritas's ghost
 11632 | Lair:4   | Reached XP level 13. HP: 107/118 MP: 12/12
 12731 | Lair:5   | Found a dark tunnel.
 12742 | Volcano  | Entered a volcano
 12757 | Volcano  | Noticed a stone giant
 12764 | Volcano  | Killed a stone giant
 12803 | Volcano  | Noticed hilaritas's ghost (novice FoFi)
 12819 | Volcano  | Killed hilaritas's ghost
 13657 | D:11     | Reached skill level 1 in Shields
 13688 | D:11     | Reached skill level 2 in Shields
 13725 | D:11     | Reached skill level 3 in Shields
 13864 | D:11     | Reached skill level 4 in Shields
 14241 | D:11     | Reached skill level 5 in Shields
 14976 | D:12     | Reached skill level 6 in Shields
 14976 | D:12     | Reached XP level 14. HP: 129/129 MP: 13/13
 15535 | D:13     | Noticed Frances
 15549 | D:13     | Killed Frances
 15856 | D:13     | Reached skill level 7 in Shields
 15860 | D:13     | Noticed Azrael
 15868 | D:13     | Received a gift from Trog
 15870 | D:13     | Killed Azrael
 15879 | D:13     | Got a pitted broad axe {god gift}
 15881 | D:13     | Identified the +4 broad axe of Cusah {drain, rElec rPois} (Trog gifted it to you on level 13 of the Dungeon)
 16653 | D:14     | Reached skill level 8 in Shields
 16658 | D:14     | Noticed Agnes
 16677 | D:14     | Killed Agnes
 16744 | D:14     | Found a gate to the Vaults.
 16840 | D:14     | Reached skill level 9 in Shields
 18982 | D:14     | Found a glowing golden altar of the Shining One.
 19088 | D:15     | Entered Level 15 of the Dungeon
 19324 | D:15     | Found a staircase to the Depths.
 19324 | D:15     | Noticed a fire giant
 19391 | D:15     | Killed a fire giant
 19600 | D:15     | Reached skill level 10 in Shields
 19609 | D:15     | Reached skill level 15 in Fighting
 19609 | D:15     | Reached XP level 15. HP: 117/141 MP: 14/14
 19681 | D:15     | Received a gift from Trog
 20462 | Lair:6   | Entered Level 6 of the Lair of Beasts
 20462 | Lair:6   | Found a staircase to the Slime Pits.
 20462 | Lair:6   | Found a viscous altar of Jiyva.
 20474 | Lair:6   | Received a gift from Trog
 20565 | Lair:6   | Received a gift from Trog
 20991 | Lair:6   | Reached ****** piety under Trog
 21009 | Lair:6   | Noticed Josephine
 21024 | Lair:6   | Reached skill level 11 in Shields
 21025 | Lair:6   | Killed Josephine
 21759 | Orc:1    | Entered Level 1 of the Orcish Mines
 21973 | Orc:1    | Noticed Snorg
 21976 | Orc:1    | Noticed Erica
 21984 | Orc:1    | Killed Erica
 22242 | Orc:2    | Entered Level 2 of the Orcish Mines
 22242 | Orc:2    | Found a staircase to the Elven Halls.
 22251 | Orc:2    | Noticed an orc warlord
 22299 | Orc:1    | Killed an orc warlord
 22571 | Orc:2    | Found Kitom's Antique Armour Shoppe.
 22599 | Orc:2    | Noticed Nessos
 22607 | Orc:2    | Killed Nessos
 22608 | Orc:2    | Reached skill level 12 in Shields
 22651 | Orc:2    | Received a gift from Trog
 22786 | Orc:2    | Found Tiommef's Antique Weapon Boutique.
 22797 | Orc:2    | Killed Snorg
 22817 | Orc:2    | Found Woimmod's General Store.
 22982 | Orc:2    | Found Xicoa's Jewellery Shop.
 23112 | Orc:2    | Bought a steaming plate armour for 812 gold pieces
 23122 | Orc:2    | Identified the cursed +0 plate armour "Saij Eru" {Str+6 Int+2} (You bought it in a shop on level 2 of the Orcish Mines)
 23217 | D:9      | Bought a scroll of enchant weapon for 97 gold pieces
 23330 | Snake:1  | Entered Level 1 of the Snake Pit
 23492 | Snake:1  | Found Leuhiky's Book Shoppe.
 23797 | Snake:1  | Reached skill level 15 in Armour
 23797 | Snake:1  | Reached XP level 16. HP: 145/152 MP: 15/15
 24654 | Snake:2  | Reached skill level 13 in Shields
 24689 | Snake:2  | Received a gift from Trog
 25198 | Snake:2  | Found Ufuxufozxi's Assorted Antiques.
 25199 | Snake:2  | Found Rucoch's Book Boutique.
 25199 | Snake:2  | Found Poingur's Antique Armour Shop.
 25204 | Snake:2  | Found Nakkogg's Antique Armour Shop.
 25210 | Snake:2  | Bought a pair of glowing boots for 187 gold pieces
 25213 | Snake:2  | Bought a glowing plate armour for 702 gold pieces
 25213 | Snake:2  | Bought a glowing plate armour for 702 gold pieces
 25228 | Snake:2  | Identified a +2 pair of boots of running (You bought it in a shop on level 2 of the Snake Pit)
 25525 | Snake:2  | Received a gift from Trog
 25873 | Snake:3  | Reached skill level 14 in Shields
 26268 | Snake:3  | Noticed Donald
 26283 | Snake:3  | Killed Donald
 26810 | Shoals:1 | Entered Level 1 of the Shoals
 26901 | Shoals:1 | Found Zumazxou's Antique Weapon Shoppe.
 27130 | Shoals:1 | Reached XP level 17. HP: 126/161 MP: 16/16
 27168 | Shoals:1 | Found Yffaxkoci's Magic Scroll Shop.
 27201 | Shoals:1 | Found Imehi's Book Emporium.
 27303 | Shoals:1 | Found Nypa's Antique Armour Shop.
 27337 | Shoals:1 | Found Riet Nulil's Antique Weapon Shoppe.
 27830 | Shoals:2 | Got a pitted hand axe
 27831 | Shoals:2 | Identified the +7 hand axe of Urgency {venom, rF+ Int-5 Dex+3} (You found it on level 2 of the Shoals)
 29028 | Shoals:3 | Reached skill level 15 in Dodging
 29251 | Shoals:3 | Reached skill level 15 in Shields
 29600 | Snake:4  | Entered Level 4 of the Snake Pit
 29745 | Snake:4  | Found a radiant altar of Vehumet.
 29909 | Snake:4  | Received a gift from Trog
 30608 | Snake:4  | Reached XP level 18. HP: 163/174 MP: 17/17
 30633 | Snake:4  | Received a gift from Trog
 31314 | Snake:4  | Received a gift from Trog
 31432 | Snake:4  | Reached skill level 16 in Shields
 31775 | Snake:4  | Got a serpentine rune of Zot
 31819 | Snake:4  | Got a twisted chain mail
 31830 | Snake:4  | Identified the +8 chain mail of Cocytus {Regen+ Int+4 Dex+4 Slay+3} (You found it on level 4 of the Snake Pit)
 32270 | Shoals:4 | Entered Level 4 of the Shoals
 32584 | Shoals:4 | Noticed Ilsuiw
 32599 | Shoals:4 | Received a gift from Trog
 32617 | Shoals:4 | Killed Ilsuiw
 32872 | Shoals:4 | Received a gift from Trog
 32953 | Shoals:4 | Got a barnacled rune of Zot
 33375 | Vaults:1 | Entered Level 1 of the Vaults
 33375 | Vaults:1 | Found a basalt altar of Yredelemnul.
 33506 | Vaults:1 | Reached skill level 17 in Shields
 33596 | Vaults:1 | Reached XP level 19. HP: 184/184 MP: 18/18
 34557 | Vaults:1 | Received a gift from Trog
 35001 | Vaults:2 | Reached skill level 18 in Shields
 35272 | Vaults:2 | Noticed Margery
 35291 | Vaults:2 | Killed Margery
 35335 | Vaults:2 | Got a warped war axe {venom}
 35378 | Vaults:2 | Identified the +5 war axe of Cheese {venom, rPois rF+++ Int-2 Stlth+} (You took it off a vault warden on level 2 of the Vaults)
 35492 | Vaults:2 | Received a gift from Trog
 35499 | Vaults:2 | Noticed Mennas
 35556 | Vaults:2 | Killed Mennas
 35893 | Vaults:2 | Reached skill level 19 in Shields
 35893 | Vaults:2 | Reached XP level 20. HP: 195/195 MP: 19/19
 35979 | Vaults:2 | Found a staircase to the Crypt.
 36492 | Vaults:3 | Found Veovvit's Distillery.
 36502 | Vaults:3 | Bought a potion of heal wounds for 75 gold pieces
 36502 | Vaults:3 | Bought a potion of heal wounds for 75 gold pieces
 36544 | Vaults:3 | Received a gift from Trog
 37244 | Vaults:3 | Received a gift from Trog
 37246 | Vaults:3 | Reached skill level 20 in Shields
 38183 | Depths:1 | Entered Level 1 of the Depths
 38212 | Depths:1 | Reached XP level 21. HP: 153/204 MP: 20/20
 38260 | Depths:1 | Found a gateway to Hell.
 38290 | Depths:1 | Received a gift from Trog
 38343 | Depths:1 | Found a one-way gate to the infinite horrors of the Abyss.
 38343 | Depths:1 | Found a one-way gate leading to the halls of Pandemonium.
 38642 | Depths:1 | Found Myrie's Demolitions Depot.
 38755 | Depths:1 | Received a gift from Trog
 39001 | Depths:2 | Reached skill level 21 in Shields
 39185 | Depths:2 | Got a translucent golden ring
 39188 | Depths:2 | Identified the ring of Siloalu {MP+9 Str+4} (You took it off a hell knight on level 2 of the Depths)
 39563 | Depths:2 | Received a gift from Trog
 40175 | Depths:2 | Found a runed door.
 40185 | Depths:2 | Found a runed door.
 40235 | Depths:2 | Gained mutation: [Your body sometimes deteriorates upon taking damage.] [a cacodemon]
 40248 | Depths:2 | Got a pitted amber ring
 40257 | Depths:2 | Identified the ring of Dogma {rElec MR- AC+4 Dex+5 Stlth+} (You took it off a hell knight on level 2 of the Depths)
 40325 | Depths:2 | Got a fine broad axe {protect}
 40326 | Depths:2 | Identified the +0 broad axe "Wanah" {protect, +Fly rPois Int-4} (You took it off a hell knight on level 2 of the Depths)
 40339 | Depths:2 | Found a burning altar of Makhleb.
 40353 | Depths:2 | Got a brightly glowing plate armour
 40358 | Depths:2 | Got a pair of translucent boots
 40369 | Depths:2 | Identified the +2 pair of boots of the Peasants {rN+ Regen+} (You found it on level 2 of the Depths)
 40379 | Depths:2 | Identified the +8 plate armour "Plog" {rElec rF+++ rC+ MR-} (You found it on level 2 of the Depths)
 40734 | Depths:3 | Noticed Asterion
 40745 | Depths:3 | Killed Asterion
 40965 | Depths:3 | Noticed Saint Roka
 40989 | Depths:3 | Reached XP level 22. HP: 131/215 MP: 21/21
 40995 | Depths:2 | Received a gift from Trog
 40995 | Depths:2 | Reached skill level 22 in Shields
 41291 | Depths:3 | Killed Saint Roka
 42457 | Depths:3 | Noticed an ancient lich
 42464 | Depths:3 | Killed an ancient lich
 42474 | Depths:3 | Got a translucent iron ring
 42513 | Depths:3 | Identified the ring of Ruokecug {Str+4 Stlth+} (You found it on level 3 of the Depths)
 42617 | Depths:4 | Noticed an ancient lich
 42625 | Depths:4 | Found a gateway to a ziggurat.
 42698 | Depths:4 | Found a corrupted altar of Lugonu.
 43324 | Depths:5 | Entered Level 5 of the Depths
 43341 | Depths:5 | Received a gift from Trog
 43792 | Depths:4 | Noticed a caustic shrike
 44166 | Depths:3 | Killed a caustic shrike
 44736 | Depths:5 | Reached skill level 23 in Shields
 45082 | Depths:5 | Noticed a golden dragon
 45094 | Depths:5 | Killed a golden dragon
 45111 | Depths:5 | Found a gate to the Realm of Zot.
 45200 | Depths:5 | Noticed Boris
 45212 | Depths:5 | Killed Boris
 45212 | Depths:5 | Reached XP level 23. HP: 222/225 MP: 22/22
 45955 | Elf:1    | Entered Level 1 of the Elven Halls
 45955 | Elf:1    | Noticed Louise
 45963 | Elf:1    | Killed Louise
 46118 | Elf:1    | Received a gift from Trog
 46578 | Elf:2    | Found a ruined gateway.
 46599 | Desolati | Entered the Desolation of Salt
 46655 | Desolati | Noticed Regeox's ghost (journeyman HOFi)
 46680 | Desolati | Killed Regeox's ghost
 46823 | Desolati | Received a gift from Trog
 46888 | Desolati | Noticed AdmiralAndromeda's ghost (adept DDFi)
 46936 | Desolati | Killed AdmiralAndromeda's ghost
 47169 | Desolati | Reached skill level 24 in Shields
 47172 | Desolati | Got a coiled silver amulet
 47181 | Desolati | Got a crude ring mail
 47192 | Desolati | Identified the cursed +1 ring mail of the Poles {-Tele MR+++ rCorr Stlth+} (You found it in the Desolation of Salt)
 47209 | Desolati | Got a jewelled scale mail
 47220 | Desolati | Identified the +5 scale mail "Ynuonugg" {rPois Regen+ Dex+5 Slay-2} (You found it in the Desolation of Salt)
 47232 | Desolati | Identified the amulet "Gissy" {Harm *Drain +Blink +Fly Int-4 Dex+2} (You took it off a ragged hierophant in the Desolation of Salt)
 47496 | Desolati | Received a gift from Trog
 47527 | Desolati | Got a steaming silver amulet
 47542 | Desolati | Identified the Almanac of Clay
 47551 | Desolati | Identified the amulet "Odyuwiff" {RegenMP rN+ MR- Dex+3} (You found it in the Desolation of Salt)
 48050 | Elf:2    | Found a runed gate.
 48050 | Elf:2    | Found a runed gate.
 48051 | Elf:2    | Found a runed gate.
 48295 | Elf:2    | Received a gift from Trog
 48538 | Elf:2    | Found Leomys's Food Boutique.
 48768 | Elf:3    | Entered Level 3 of the Elven Halls
 49122 | Elf:3    | Found Huheupla's Jewellery Shoppe.
 49245 | Elf:3    | HP: 8/227 [smoke demon/divine providence[a deep elf demonologist] (11)]
 49929 | Elf:3    | Reached XP level 24. HP: 120/236 MP: 22/22
 50090 | Elf:3    | Received a gift from Trog
 50659 | Elf:3    | Got a flickering glass ring
 50663 | Elf:3    | Identified the ring of Ihaec {*Corrode +Fly Int+5 SInv Stlth+} (You took it off a deep elf death mage on level 3 of the Elven Halls)
 50680 | Elf:3    | Gained mutation: [Your magical capacity is low. (-10% MP)] [a neqoxec]
 51032 | Elf:3    | Got an ichor-stained scale mail
 51045 | Elf:3    | Identified the +4 scale mail of a Billion Wars {rPois rC+ Dex+2} (You took it off a deep elf master archer on level 3 of the Elven Halls)
 51098 | Elf:3    | Got a warped plate armour
 51101 | Elf:3    | Received a gift from Trog
 51237 | Elf:3    | Identified the +5 plate armour of the Fiddle {-Cast rF+++ rCorr Dex+4} (You took it off a deep elf high priest on level 3 of the Elven Halls)
 51394 | Elf:3    | Got a warped copper ring
 51497 | Elf:3    | Reached skill level 25 in Shields
 51574 | Elf:3    | Identified the ring of Tybinol {rC+ Slay+1} (You found it on level 3 of the Elven Halls)
 52045 | Orc:2    | Bought a scroll of enchant armour for 75 gold pieces
 52126 | D:8      | Bought a scroll of enchant armour for 90 gold pieces
 52243 | Shoals:1 | Bought a scroll of enchant weapon for 97 gold pieces
 52487 | D:4      | Bought a scroll of enchant weapon for 97 gold pieces
 52487 | D:4      | Bought 2 scrolls of teleportation for 78 gold pieces
 52487 | D:4      | Bought a scroll of blinking for 97 gold pieces
 52487 | D:4      | Bought a scroll of enchant weapon for 97 gold pieces
 52487 | D:4      | Bought a scroll of recharging for 123 gold pieces
 52821 | Depths:1 | Voluntarily entered the Abyss.
 52886 | Abyss:2  | Found a corrupted altar of Lugonu.
 53000 | Abyss:2  | Found a corrupted altar of Lugonu.
 53055 | Abyss:3  | Found a corrupted altar of Lugonu.
 53118 | Abyss:3  | Received a gift from Trog
 53320 | Abyss:3  | Gained mutation: [Potions are less effective at restoring your health.] [a neqoxec]
 53378 | Abyss:3  | Found a stormy altar of Qazlal.
 53507 | Abyss:3  | Gained mutation: [You are frail. (-10% HP)] [a cacodemon]
 53525 | Abyss:3  | Gained mutation: You are clumsy. (Dex -2) [a neqoxec]
 53541 | Abyss:3  | Gained mutation: You are very clumsy. (Dex -4) [a neqoxec]
 53607 | Abyss:3  | Lost intelligence.
 53957 | Abyss:3  | Found a glowing golden altar of the Shining One.
 53972 | Abyss:3  | Noticed a juggernaut
 53979 | Abyss:3  | Killed a juggernaut
 53983 | Abyss:3  | Got an abyssal rune of Zot
 54165 | Abyss:3  | HP: 6/166 [starcursed mass/accursed screaming (4)]
 54167 | Abyss:3  | Slain by a thrashing horror

Skill      XL: |  1  2  3  4  5  6  7  8  9 10 11 12 13 14 15 16 17 18 19 20 21 22 23 24 |
---------------+-------------------------------------------------------------------------+-----
Axes           | 4 5 6 7 8 9 11 13 14 16 17 18 | 18.7
Armour         | 3 4 5 6 8 9 10 12 13 14 15 16 17 18 19 20 21 22 | 22.6
Dodging        | 3 4 5 6 7 8 9 11 12 13 14 15 16 17 18 19 20 | 20.9
Fighting       | 4 5 7 8 9 11 12 13 15 16 17 18 19 20 21 22 23 24 | 24.0
Shields        | 6 10 12 14 15 17 19 20 21 23 24 25 | 25.0

Action                   |  1- 3 |  4- 6 |  7- 9 | 10-12 | 13-15 | 16-18 | 19-21 | 22-24 || total
-------------------------+-------+-------+-------+-------+-------+-------+-------+-------++-------
Melee: Hand axe          |    79 |    36 |       |       |       |       |   175 |       ||   290
       Headbutt          |    12 |    16 |    44 |   111 |   226 |   278 |   460 |   485 ||  1632
       War axe           |       |    61 |   233 |   498 |   332 |       |    53 |       ||  1177
       Broad axe         |       |       |       |       |   637 |  1231 |  1084 |  1582 ||  4534
Throw: Tomahawk          |       |       |       |     1 |     8 |       |       |       ||     9
       Javelin           |       |       |       |       |       |    14 |     3 |       ||    17
Invok: Berserk           |     4 |     4 |     8 |    14 |    12 |    15 |    11 |    12 ||    80
       Trog's Hand       |       |     1 |     6 |     5 |     9 |     6 |    13 |    35 ||    75
       Burn Spellbooks   |       |       |     1 |     2 |     3 |     3 |     3 |     9 ||    21
Evoke: Wand              |       |       |       |    10 |    21 |     2 |       |       ||    33
       Lamp of fire      |       |       |       |       |       |       |       |     3 ||     3
  Use: Scroll            |       |     6 |     4 |    19 |    17 |    11 |     2 |    25 ||    84
       Potion            |       |       |     2 |     4 |     5 |    12 |     2 |    14 ||    39
 Stab: Distracted        |       |       |       |       |     2 |       |       |     4 ||     6
  Eat: Chunk             |     2 |     8 |    20 |     6 |    16 |    11 |    23 |    16 ||   102
       Meat ration       |       |       |     1 |     5 |     6 |     4 |     2 |     5 ||    23
       Royal jelly       |       |       |       |       |     5 |     9 |     2 |     5 ||    21
       Fruit             |       |       |       |       |       |       |       |    23 ||    23
Armor: Animal skin       |     7 |       |       |       |       |       |       |       ||     7
       Ring mail         |    15 |    16 |    60 |   174 |   227 |       |       |       ||   492
       Chain mail        |       |    20 |    16 |       |       |    48 |   157 |       ||   241
       Plate armour      |       |       |       |       |    71 |   348 |    20 |   503 ||   942
       Skin              |       |       |       |       |       |    43 |       |       ||    43
Dodge: Dodged            |    38 |    54 |   118 |   248 |   421 |   441 |   251 |   573 ||  2144
Block: Other             |     1 |     7 |    19 |     7 |       |       |       |       ||    34
       Reflection        |       |       |     3 |    20 |    27 |   206 |   150 |   103 ||   509
       Buckler           |       |       |       |   147 |   432 |   583 |       |       ||  1162
       Large shield      |       |       |       |       |       |   361 |  1194 |  2206 ||  3761
